 Dungeon Crawl Stone Soup version 0.30-a0-782-ge64f9170bb (webtiles) character file.

Game seed: 15918998589954427239

15 tilp the Shield-Bearer (level 2, 0/26 HPs)
             Began as a Meteoran Fighter on Feb 23, 2023.
             Succumbed to Terence's poison
             ... on level 2 of the Dungeon.
             The game lasted 00:01:12 (209 turns).

tilp the Shield-Bearer (Meteoran Fighter)            Turns: 209, Time: 00:01:12

Health: 0/26       AC:  6    Str: 17    XL:     2   Next: 88%
Magic:  3/3        EV:  9    Int:  9    God:
Gold:   32         SH:  5    Dex: 13    Spells: 1/1 levels left

rFire   . . .      SeeInvis .    a - +0 long sword
rCold   . . .      Faith    .    c - +0 buckler
rNeg    . . .      Spirit   .    b - +0 scale mail
rPois   .          Reflect  .    (no helmet)
rElec   .          Harm     .    (no cloak)
rCorr   .          Rampage  .    (no gloves)
Will    .....                    (no boots) Stlth
                                 (no amulet)
HPRegen 0.24/turn                (no ring)
MPRegen 0.08/turn                (no ring)

@: mighty, lethally poisoned (0 -> -21), glowing
A: sense surroundings 1, otherworldly, glowing, explore regen
a: no special abilities


You were on level 2 of the Dungeon.
You visited 1 branch of the dungeon, and saw 2 of its levels.

You collected 32 gold pieces.

Inventory:

Hand Weapons
 a - a +0 long sword (weapon)
Armour
 b - a +0 scale mail (worn)
 c - a +0 buckler (worn)
Scrolls
 e - 2 scrolls of teleportation {unknown}
 f - a scroll of noise {unknown}


   Skills:
 + Level 3.5 Fighting
 * Level 3.1 Long Blades
 - Level 3.6 Armour
 + Level 1.1 Dodging
 - Level 3.6 Shields


You had one spell level left.
You didn't know any spells.
Your spell library was empty.

Dungeon Overview and Level Annotations

Branches:
Dungeon (2/15) Zot: 976

Altars:

Annotations:
D:2 Terence


Innate Abilities, Weirdness & Mutations

You passively map a small area around you.
You are easily found by Zot.
You glow in the dark.
You regain HP and MP as you explore.


Message History

Found a book of Geomancy.
You now have 18 gold pieces (gained 14).
What are your orders? t - Shout!
Orders for allies: a - Attack new target. r - Retreat! s - Stop attacking. g - Guard the area. f - Follow me.
Anything else - Cancel.
You shout for attention!
You hear a bark!
You hear a shout!
You hear a bark!
You hear a bark!
There is a stone staircase leading up, spattered with blood here.
You now have 32 gold pieces (gained 14).
You slash the quokka!
You kill the quokka!
No target in view!
No target in view!
A dart slug comes into view.
The dart slug launches a dart at you. The slug dart hits you.
You slice the dart slug!!
You kill the dart slug!
You see here a dart slug corpse.
Terence shouts!
Terence shouts, "DIE!!!"
You barely miss Terence.
Terence hits you with a +2 mace of venom.
You are poisoned.
You hit Terence but do no damage.
You feel very sick.
Terence hits you with a +2 mace of venom.
You are lethally poisoned!
Terence hits you but does no damage.
You completely miss Terence.
You feel very sick.
Terence hits you with a +2 mace of venom.
* * * LOW HITPOINT WARNING * * *
You are more poisoned.
You hit Terence.
Terence is lightly wounded.
You die...

######...†~≈~~...
#.........~≈~~.##
, *
#.#####...P~~~.#*
* * #.#
#..~P~~~..# * #†#
#.~~P~≈.... *
#.#* #..~~≈≈≈~.#
#.# ....~≈≈≈~~.#
,*
#.##.#.~~~≈≈~~~.
#.@@...P~~≈≈~~.,
* * ###.#...~≈ ,
.# ,~~≈ * ,.. ≈
** *#.. ** * ,
,... , , * ~.≈~~
, , ~~~≈≈ , * * ,
~


You could see Terence.

Vanquished Creatures
  A worm (D:1)
  A dart slug (D:2)
  4 ball pythons (D:1)
  An endoplasm (D:2)
  A giant cockroach (D:1)
  A quokka (D:2)
  A bat (D:1)
  A rat (D:1)
11 creatures vanquished.

Vanquished Creatures (others)
  A plant (D:2)
1 creature vanquished.

Grand Total: 12 creatures vanquished

Notes
Turn   | Place    | Note
-------+----------+-------------------------------------------
     0 | D:1      | tilp the Meteoran Fighter began the quest for the Orb.
     0 | D:1      | Reached XP level 1. HP: 19/19 MP: 2/2
    65 | D:1      | Reached XP level 2. HP: 24/26 MP: 3/3
    93 | D:2      | Noticed Terence
   130 | D:2      | Reached skill level 1 in Dodging
   209 | D:2      | Succumbed to Terence's poison

Illustrated notes

Levels and vault maps discovered:
D:1:      psy_arrival_conway, layout_loops_ring
D:2:      layout_loops_ring, ebering_ecumenical_altar_box, chequers_big_river,
          uniq_terence, uniq_jessica

Skill      XL: |  1  2 |
---------------+-------+-----
Long Blades    | 3 |  3.1
Dodging        | 1 |  1.1
Fighting       | |  3.5
Armour         | |  3.6
Shields        | |  3.6

Action                     || total
---------------------------++-------
  Melee: Long sword        ||    40
    Use: Potion            ||     1
 Armour: Scale mail        ||    22
  Dodge: Dodged            ||    19
  Block: Buckler           ||     4

Table legend: (Time is in decaauts)
 A = Elapsed time spent in this place.
 B = Non-inter-level travel time spent in this place.
 C = Inter-level travel time spent in this place.
 D = Time resting spent in this place.
 E = Time spent auto-exploring this place.
 F = Levels seen in this place.
 G = Mean time per level.
                   A        B        C        D        E       F      G
               +--------+--------+--------+--------+--------+-----+--------+
         Total |    223 |    191 |     32 |      0 |      0 |   2 |  111.5 |
       Dungeon |    223 |    191 |     32 |      0 |      0 |   2 |  111.5 |
               +--------+--------+--------+--------+--------+-----+--------+

Top non-repeatable levels by time:
     D:1: 137 daAuts
     D:2: 85 daAuts
